 Dungeon Crawl Stone Soup version 0.24-a0-580-g6a6c3f83c1 (webtiles) character file.

Game seed: 8605271300995969896

25 Hylith the Shield-Bearer (level 3, -1/35 HPs)
             Began as a Gnoll Fighter on Aug 22, 2019.
             Slain by an iron imp (7 damage)
             ... summoned by Natasha
             ... on level 2 of the Dungeon.
             The game lasted 00:01:13 (964 turns).

Hylith the Shield-Bearer (Gnoll Fighter)             Turns: 964, Time: 00:01:14

Health: -1/35      AC:  7    Str: 19    XL:     3   Next: 4%
Magic:  3/3        EV:  8    Int: 10    God:
Gold:   70         SH: 10    Dex: 14    Spells: 3/3 levels left

rFire    . . .     SeeInvis .   l - +2 whip (drain)
rCold    . . .     Gourm    .   c - +0 shield
rNeg     . . .     Faith    .   b - +0 scale mail
rPois    .         Spirit   .   (no helmet)
rElec    .         Reflect  .   (no cloak)
rCorr    .         Harm     .   (no gloves)
MR       .....                  (no boots)
Stlth    ..........             (no amulet)
HPRegen  0.11/turn              (no ring)
MPRegen  0.08/turn              (no ring)

@: no status effects
A: distributed training, fangs 1, strong nose
a: no special abilities


You were on level 2 of the Dungeon.
You were not hungry.

You visited 1 branch of the dungeon, and saw 2 of its levels.

You collected 70 gold pieces.

Inventory:

Hand Weapons
 a - a +0 flail
 l - a +2 whip of draining (weapon)
 n - a +1 whip of freezing
Armour
 b - a +0 scale mail (worn)
 c - a +0 shield (worn)
Scrolls
 e - 4 scrolls of identify {unknown}
 j - a scroll of teleportation {unknown}
 k - a scroll of remove curse {unknown}
Potions
 d - a potion of might
 g - a potion of resistance {unknown}
 i - a potion of lignification {unknown}
 m - a potion of cancellation {unknown}
Comestibles
 f - 3 rations


   Skills:
 + Level 6.5 Fighting
 + Level 0.5 Short Blades
 + Level 0.5 Long Blades
 + Level 0.5 Axes
 + Level 4.5 Maces & Flails
 + Level 0.5 Polearms
 + Level 0.5 Staves
 + Level 0.5 Slings
 + Level 0.5 Bows
 + Level 0.5 Crossbows
 + Level 0.5 Throwing
 + Level 6.5 Armour
 + Level 0.5 Dodging
 + Level 0.5 Stealth
 + Level 6.5 Shields
 + Level 0.5 Unarmed Combat
 + Level 0.5 Spellcasting
 + Level 0.4 Conjurations
 + Level 0.4 Hexes
 + Level 0.4 Charms
 + Level 0.4 Summonings
 + Level 0.4 Necromancy
 + Level 0.4 Translocations
 + Level 0.4 Transmutations
 + Level 0.4 Fire Magic
 + Level 0.4 Ice Magic
 + Level 0.4 Air Magic
 + Level 0.4 Earth Magic
 + Level 0.4 Poison Magic
 + Level 0.7 Invocations
 + Level 0.5 Evocations


You had 3 spell levels left.
You didn't know any spells.
Your spell library was empty.

Dungeon Overview and Level Annotations

Branches:
Dungeon (2/15)

Altars:

Annotations:
D:2 Natasha


Innate Abilities, Weirdness & Mutations

Your experience applies equally to all skills.
You have very sharp teeth.
Your uncanny sense of smell can sniff out nearby items.


Message History

The shadow imp gestures at you. Pain shoots through your body!
* * * LOW HITPOINT WARNING * * *
The iron imp barely misses you.
You hit Natasha.
Natasha is heavily wounded.
Natasha growls.
Natasha barely misses you. You block the shadow imp's attack.
Unknown command.
Your shield and scale mail prevent you from hitting Natasha.
You bite Natasha, but do no damage.
Natasha is heavily wounded.
You block the iron imp's attack. You block Natasha's attack.
The shadow imp lashes its tail.
The shadow imp hits you.
* * * LOW HITPOINT WARNING * * *
You closely miss Natasha.
Natasha is heavily wounded.
The iron imp hits you!
You die...

###
#############...#
#..........#.....
#.........h......
#........@5......
#.........5......
#..........#.....
#..........# ...#
#.....<....# ###
#..........#
############


You could see an iron imp, Natasha and a shadow imp.

Vanquished Creatures
  A dart slug (D:1)
  2 leopard geckos
  3 bats (D:1)
  A giant cockroach (D:1)
  2 hobgoblins (D:1)
  A ball python (D:1)
  6 kobolds (D:1)
  5 rats (D:1)
21 creatures vanquished.

Notes
Turn   | Place    | Note
-------+----------+-------------------------------------------
     0 | D:1      | Hylith the Gnoll Fighter began the quest for the Orb.
     0 | D:1      | Reached XP level 1. HP: 23/23 MP: 1/1
   208 | D:1      | Reached XP level 2. HP: 29/29 MP: 2/2
   949 | D:2      | Noticed Natasha
   956 | D:2      | Reached XP level 3. HP: 32/35 MP: 3/3
   964 | D:2      | Slain by an iron imp

Levels and vault maps discovered:
D:1:      dpeg_arrival_water_fire, layout_basic, minmay_misc_feat_enclosed
D:2:      minmay_alternating_diamond, layout_rooms, kennysheep_okawaru_gauntlet,
          uniq_natasha

Action                   || total
-------------------------++-------
Melee: Flail             ||    37
       Bite              ||     3
       Whip              ||    22
Armor: Scale mail        ||    16
Dodge: Dodged            ||    18
Block: Shield            ||    34

Table legend:
 A = Non-vault XP
 B = Vault XP
 C = Vault XP percentage of total XP
 D = Non-vault monster count
 E = Vault monster count
 F = Vault count percentage of total count
                 A         B        C        D         E       F
            +---------+---------+-------+---------+---------+-------
      Total |      36 |       0 |   0.0 |      21 |       0 |   0.0
            +---------+---------+-------+---------+---------+-------
        D:1 |      33 |       0 |   0.0 |      20 |       0 |   0.0
        D:2 |       3 |       0 |   0.0 |       1 |       0 |   0.0
            +---------+---------+-------+---------+---------+-------
